Map: Deathaura LE

Players

ByuN

  • Race: Terran Terran
  • Spawn Location: 5:00

LiquidMaNa (MaNa) - Winner!

  • Race: Protoss Protoss
  • Spawn Location: 11:00

Event: StayAtHome Story Cup #3

VOD

Have the link to the VOD?

Description

Time

  • Played on: March 11, 2021, 7:16 a.m.
  • Length: 2:57

All games in this series

Show
View Real Time Build Order
Export as new Build Order

ByuN Terran 

Build Orders:  

Get SALT Encoding   

  12  0:00  SCV  
  13  0:12  SCV  
  14  0:17  Supply Depot  
  14  0:24  SCV  
  15  0:38  SCV  
  15  0:39  Barracks  
  16  0:43  Refinery  
  16  0:50  SCV  
  17  1:03  SCV  
  18  1:15  SCV  
  19  1:26  Marine  
  20  1:44  Marine  
  14  2:13  Marine  
  15  2:20  Orbital Command  
  15  2:27  Refinery  
  15  2:35  Supply Depot  
Show
View Real Time Build Order
Export as new Build Order

LiquidMaNa Protoss - Winner!

Build Orders:  

Get SALT Encoding   

  12  0:00  Probe (Chrono Boost)  
  13  0:09  Probe (Chrono Boost)  
  14  0:14  Probe (Chrono Boost)  
  14  0:21  Pylon  
  15  0:39  Probe, Forge  
  16  0:51  Probe  
  17  1:02  Pylon  
  17  1:03  Probe  
  18  1:21  Photon Cannon x2  
  18  1:29  Gateway  
  17  1:42  Pylon, Assimilator  
  17  1:45  Probe  
  18  1:58  Probe  
  18  2:10  Probe  
  18  2:14  Zealot (Chrono Boost)  
  19  2:17  Cybernetics Core  
  19  2:22  Probe  
  22  2:30  Gateway  
  22  2:32  Zealot (Chrono Boost)  
  24  2:38  Probe  
Tags
 
Add a new tag
Caveats
  • Supply blocks, unpowered buildings, or Contaminate may cause inaccurate times.
  • Supply counts are checked every 10 seconds.